 Dungeon Crawl Stone Soup version 0.26-a0-540-g8a0c9464d7 (webtiles) character file.

Game seed: 12342701270311545374

29129 HammerPanzer the Bludgeoner (level 13, -1/175 HPs)
             Began as a Minotaur Berserker on Aug 19, 2020.
             Was a High Priest of Trog.
             Slain by Jorgrun
             ... wielding a +0 vorpal quarterstaff
              (2 damage)
             ... on level 14 of the Dungeon.
             The game lasted 00:45:09 (17386 turns).

HammerPanzer the Bludgeoner (Minotaur Berserker)   Turns: 17386, Time: 00:45:09

Health: -1/175     AC: 18    Str: 25    XL:     13   Next: 13%
Magic:  12/12      EV:  8    Int:  6    God:    Trog [*****.]
Gold:   918        SH: 12    Dex: 10    Spells: 12/12 levels left

rFire    . . .     SeeInvis .   P - +2 flail (flame)
rCold    . . .     Faith    .   i - +0 buckler
rNeg     + . .     Spirit   .   y - +0 plate armour
rPois    +         Reflect  +   (helmet restricted)
rElec    .         Harm     .   G - +0 cloak {Stlth+}
rCorr    .                      x - +2 pair of gloves
MR       .....                  (no boots)
Stlth    ..........             a - amulet of reflection
HPRegen  0.39/turn              p - ring of positive energy
MPRegen  0.13/turn              g - ring of poison resistance

@: berserking (expiring), very quick
A: retaliatory headbutt, horns 2
a: Berserk, Trog's Hand, Brothers in Arms, Renounce Religion


You were on level 14 of the Dungeon.
You worshipped Trog.
Trog was extremely pleased with you.
You visited 1 branch of the dungeon, and saw 14 of its levels.
You also visited: Sewer.

You collected 1068 gold pieces.
You spent 150 gold pieces at shops.

Inventory:

Hand Weapons
 c - a +4 flail of holy wrath
 M - a +9 dire flail
 N - a +4 morningstar of freezing
 P - a +2 flail of flaming (weapon)
Missiles
 q - 70 bolts (quivered)
 t - 41 poisoned darts
Armour
 i - a +0 buckler (worn)
 x - a +2 pair of gloves (worn)
 y - a +0 plate armour (worn)
 G - a +0 cloak of stealth (worn)
Jewellery
 a - an amulet of reflection (around neck)
 g - a ring of poison resistance (right hand)
 l - an uncursed ring of ice
 p - a ring of positive energy (left hand)
 J - an uncursed ring of flight
 L - a +6 ring of dexterity
Wands
 s - a wand of paralysis (14)
 u - a wand of flame (39)
 w - a wand of random effects (32)
 B - a wand of enslavement (10)
 F - a wand of polymorph (22)
 H - a wand of disintegration (12)
Scrolls
 d - 8 scrolls of teleportation
 j - 3 scrolls of remove curse
 k - 5 scrolls of fear
 m - a scroll of fog
 r - 3 scrolls of magic mapping
 A - 3 scrolls of blinking
 I - 2 scrolls of summoning
 K - 2 scrolls of identify
 Q - a scroll of enchant armour
Potions
 b - 2 potions of berserk rage
 e - 3 potions of mutation
 f - 6 potions of curing
 h - 5 potions of cancellation
 n - 3 potions of lignification
 o - 4 potions of haste
 v - 2 potions of might
 z - 5 potions of flight
 C - 3 potions of brilliance
 D - 3 potions of resistance
 O - a potion of stabbing
 R - a potion of invisibility


   Skills:
 * Level 11.8 Fighting
 - Level 17.2 Maces & Flails
 + Level 8.1 Armour
 - Level 2.1 Dodging
 + Level 13.9 Shields


You had 12 spell levels left.
You didn't know any spells.
Your spell library was empty.

Dungeon Overview and Level Annotations

Branches:
Dungeon (14/15)            Temple (0/1) D:6            Lair (0/6) D:11
 Vaults (0/5) D:13          Sewer (visited)
    Orc: D:9-12

Altars:
Ashenzari
Cheibriados
Elyvilon
Hepliaklqana
Qazlal
Wu Jian
Yredelemnul
Zin
The Shining One

Shops:
D:6 *   D:11 !

Annotations:
D:4 1 runed translucent door
D:14 Jorgrun


Innate Abilities, Weirdness & Mutations

You reflexively headbutt those who attack you in melee.
You have a pair of horns on your head.


Message History

Jorgrun gestures at you while chanting.
The wall shatters!
The blast of rock fragments hits you!!
* * * LOW HITPOINT WARNING * * *
Jorgrun gestures at you while chanting. The iron shot hits you!!
* * * LOW HITPOINT WARNING * * *
Jorgrun hits you with a +0 vorpal quarterstaff.
* * * LOW HITPOINT WARNING * * *
x2 Jorgrun hits you but does no damage.
Jorgrun mutters some incantations to himself.
Jorgrun hits you but does no damage. Jorgrun hits you but does no damage. x3
You turn to flesh and can move again.
You sock Jorgrun! You burn Jorgrun.
Jorgrun is heavily wounded.
You barely miss Jorgrun. You headbutt Jorgrun!
Jorgrun is severely wounded.
Jorgrun hits you with a +0 vorpal quarterstaff.
* * * LOW HITPOINT WARNING * * *
You die...

..... #.#
...## #.# .
#.## #.# ..
#.. .# ##.#
## ..# ##
#.# .
..####.##.#
.
......g@..#
#
..#########


You could see Jorgrun.

Vanquished Creatures
  An ironheart preserver (D:13)
  A hydra (D:13)
  A death knight (D:12)
  A centaur warrior (D:13)
  Erica (D:9)
  3 two-headed ogres
  A skeletal warrior (D:12)
  2 manticores
  A cyclops (D:13)
  10 ugly things
  3 centaur zombies
  A gargoyle (D:10)
  Maurice (D:9)
  A freezing wraith (D:12)
  2 tengu conjurers (D:14)
  4 trolls
  Prince Ribbit (D:9)
  2 hornets
  4 hippogriffs
  3 slime creatures (D:12)
  2 shadows
  5 wraiths
  A vampire (D:9)
  The ghost of EnegeticOcto the Chopper, an amateur DDFi (D:4)
  A water elemental (D:12)
  23 yaks
  A soldier ant (D:11)
  2 acid dragons (D:12)
  A water moccasin (D:7)
  Duvessa (D:5)
  3 sky beasts
  A black bear (D:10)
  5 ice beasts
  4 orc warriors
  4 phantoms
  9 ogres
  12 centaurs
  A crocodile (D:10)
  6 bullfrogs
  3 big kobolds
  Dowan (D:5)
  A wyvern zombie (D:14)
  3 scorpions
  16 killer bees
  28 wights
  2 howler monkeys (D:12)
  2 quasits
  A bullfrog zombie (D:7)
  6 jellies
  8 orc wizards
  4 hounds
  A bullfrog skeleton (D:9)
  3 centaur skeletons
  3 orc priests
  Crazy Yiuf (D:2)
  4 iguanas
  Natasha (D:3)
  Terence (D:3)
  6 worker ants
  A howler monkey zombie (D:11)
  Robin (D:3)
  9 adders
  A river rat (Sewer)
  2 shadow imps
  3 white imps
  An ufetubus (D:6)
  3 oozes
  2 adder zombies (D:6)
  3 adder skeletons
  8 worms
  A dart slug (D:1)
  4 leopard geckos
  30 orcs
  7 giant cockroaches
  2 gnoll zombies (D:4)
  18 goblins
  4 hobgoblins
  7 jackals
  4 quokkas
  6 ball pythons
  3 bats
  4 frilled lizards
  A giant cockroach zombie (D:6)
  A jackal skeleton (D:8)
  15 kobolds
  2 quokka skeletons (D:9)
  A quokka zombie (D:6)
  7 rats
373 creatures vanquished.

Vanquished Creatures (others)
  17 plants (D:12)
17 creatures vanquished.

Grand Total: 390 creatures vanquished

Notes
Turn   | Place    | Note
-------+----------+-------------------------------------------
     0 | D:1      | HammerPanzer the Minotaur Berserker began the quest for the
                  | Orb.
     0 | D:1      | Reached XP level 1. HP: 19/19 MP: 0/0
    57 | D:1      | Reached skill level 4 in Maces & Flails
   116 | D:1      | Reached XP level 2. HP: 27/27 MP: 1/1
   818 | D:2      | Reached XP level 3. HP: 31/33 MP: 2/2
  1021 | D:2      | Reached ** piety under Trog
  1104 | D:2      | Found a runed translucent door.
  1105 | D:2      | Noticed Crazy Yiuf
  1111 | D:2      | Killed Crazy Yiuf
  1111 | D:2      | Reached skill level 5 in Maces & Flails
  1296 | D:2      | Reached XP level 4. HP: 35/41 MP: 3/3
  1386 | D:3      | Noticed Terence
  1390 | D:3      | Killed Terence
  1865 | D:3      | Noticed Natasha
  1873 | D:3      | Killed Natasha
  1873 | D:3      | Reached skill level 6 in Maces & Flails
  1873 | D:3      | Reached XP level 5. HP: 34/47 MP: 4/4
  2019 | D:3      | Noticed Robin
  2022 | D:3      | Reached skill level 5 in Fighting
  2036 | D:3      | Killed Robin
  2408 | D:4      | Found a runed translucent door.
  2413 | D:4      | Noticed EnegeticOcto's ghost (amateur DDFi)
  2423 | D:4      | Reached skill level 1 in Shields
  2426 | D:4      | Killed EnegeticOcto's ghost
  2426 | D:4      | Reached skill level 7 in Maces & Flails
  2426 | D:4      | Reached XP level 6. HP: 56/56 MP: 5/5
  2447 | D:4      | Found a runed translucent door.
  2783 | D:4      | Found a runed translucent door.
  2783 | D:4      | Noticed a human
  2784 | D:4      | Found a basalt altar of Yredelemnul.
  3322 | D:4      | Found a basalt altar of Yredelemnul.
  3387 | D:5      | Entered Level 5 of the Dungeon
  3469 | D:5      | Noticed Duvessa
  3469 | D:5      | Noticed Dowan
  3477 | D:5      | Killed Duvessa
  3477 | D:5      | Reached skill level 8 in Maces & Flails
  3477 | D:5      | Reached XP level 7. HP: 61/61 MP: 6/6
  3497 | D:5      | Killed Dowan
  3540 | D:5      | Found a shattered altar of Ashenzari.
  3555 | D:5      | Reached *** piety under Trog
  3807 | D:5      | Reached skill level 9 in Maces & Flails
  4109 | D:6      | Reached skill level 5 in Shields
  4134 | D:6      | Reached XP level 8. HP: 54/68 MP: 7/7
  4142 | D:6      | Reached skill level 10 in Maces & Flails
  4288 | D:6      | Found a white marble altar of Elyvilon.
  4397 | D:6      | Found a glowing drain.
  4409 | Sewer    | Entered a sewer
  4413 | Sewer    | Reached **** piety under Trog
  5144 | D:6      | Found a staircase to the Ecumenical Temple.
  5277 | D:6      | Found Fant's General Store.
  5284 | D:6      | Bought a potion of flight for 30 gold pieces
  5284 | D:6      | Bought a scroll of identify for 20 gold pieces
  5284 | D:6      | Bought a potion of resistance for 100 gold pieces
  5789 | D:7      | Reached skill level 11 in Maces & Flails
  6116 | D:7      | Reached XP level 9. HP: 68/74 MP: 8/8
  6389 | D:7      | Reached skill level 12 in Maces & Flails
  7130 | D:8      | Reached ***** piety under Trog
  7529 | D:8      | Reached skill level 13 in Maces & Flails
  7733 | D:9      | Found a glowing golden altar of the Shining One.
  7734 | D:9      | Noticed a troll
  7742 | D:9      | Killed a troll
  7917 | D:9      | Noticed Prince Ribbit
  7917 | D:9      | Noticed Maurice
  7999 | D:9      | Reached XP level 10. HP: 81/81 MP: 9/9
  8035 | D:9      | Killed Maurice
  8035 | D:9      | Reached skill level 14 in Maces & Flails
  8039 | D:9      | Killed Prince Ribbit
  8590 | D:9      | Reached skill level 10 in Shields
  8635 | D:9      | Found a glowing silver altar of Zin.
  8638 | D:9      | Found a hazy altar of Hepliaklqana.
  8642 | D:9      | Found an ornate altar of the Wu Jian Council.
  8642 | D:9      | Found a snail-covered altar of Cheibriados.
  8645 | D:9      | Found a stormy altar of Qazlal.
  8714 | D:9      | Noticed Erica
  8734 | D:9      | Killed Erica
  8734 | D:9      | Reached skill level 15 in Maces & Flails
  9395 | D:10     | Entered Level 10 of the Dungeon
  9677 | D:10     | Noticed a gargoyle
  9689 | D:10     | Killed a gargoyle
 10136 | D:10     | Reached XP level 11. HP: 86/86 MP: 10/10
 10168 | D:10     | Reached skill level 16 in Maces & Flails
 10488 | D:11     | Found a staircase to the Lair.
 10495 | D:11     | Noticed a brown ugly thing
 10509 | D:11     | Killed a brown ugly thing
 11261 | D:11     | Found Vyseurij's Distillery.
 11656 | D:12     | Noticed a two-headed ogre
 11664 | D:12     | Killed a two-headed ogre
 11664 | D:12     | Received a gift from Trog
 11714 | D:12     | Reached skill level 17 in Maces & Flails
 12093 | D:12     | Noticed a cyan ugly thing
 12101 | D:12     | Killed a cyan ugly thing
 12554 | D:12     | Noticed a death knight
 13228 | D:12     | Noticed a skeletal warrior
 13254 | D:12     | Killed a skeletal warrior
 13957 | D:12     | HP: 3/136 [mirror damage (10)]
 13958 | D:12     | Killed a death knight
 13958 | D:12     | Reached XP level 12. HP: 4/100 MP: 11/11
 14585 | D:13     | Reached skill level 5 in Armour
 14605 | D:13     | Found a gate to the Vaults.
 14605 | D:13     | Noticed a two-headed ogre
 14605 | D:13     | Noticed an ironheart preserver
 14625 | D:13     | Killed a two-headed ogre
 14632 | D:13     | Killed an ironheart preserver
 14632 | D:13     | Reached ****** piety under Trog
 15148 | D:13     | Noticed a seven-headed hydra
 15154 | D:13     | Killed a seven-headed hydra
 15207 | D:12     | Received a gift from Trog
 15651 | D:13     | Noticed a centaur warrior
 15888 | D:13     | Reached skill level 10 in Fighting
 15903 | D:13     | Killed a centaur warrior
 16661 | D:14     | Noticed a two-headed ogre
 16669 | D:14     | Killed a two-headed ogre
 16744 | D:14     | Reached XP level 13. HP: 63/116 MP: 12/12
 17355 | D:14     | Noticed Jorgrun
 17377 | D:14     | HP: 7/175 [Jorgrun/iron shot (10)]
 17386 | D:14     | HP: 1/175 [Jorgrun/+0 vorpal quarterstaff (6)]
 17386 | D:14     | Slain by Jorgrun

Illustrated notes

Levels and vault maps discovered:
D:1:      wander_arrival_lonely_grave, layout_loops_cross,
          hangedman_decor_riveting
D:2:      layout_basic, uniq_crazy_yiuf_cottage
D:3:      layout_loops_corners, minmay_close_crescents, uniq_robin,
          uniq_terence, uniq_natasha
D:4:      layout_loops_corners, lemuel_zombie_altar_yredelemnul,
          ebering_ghost_sewer_f, dk_yredelemnul_ordeal
D:5:      layout_basic, kennysheep_mini, kennysheep_generic_room_12,
          uniq_duvessa
D:6:      layout_loops_ring, elyvilon_altar_4, minmay_temple_entry_large_hall,
          gup_sewer_entry_bubbles, serial_shops, shop
D:7:      layout_basic
D:8:      layout_loops_ring
D:9:      layout_rooms, minitemple, basic_altar, uniq_prince_ribbit1,
          uniq_erica, uniq_maurice
D:10:     layout_rooms
D:11:     layout_loops_ring, lair_entry_dummy, serial_shops,
          nicolae_shop_crystal
D:12:     layout_roguey, erik_orc_1, chequers_big_river
D:13:     layout_rooms, skrybe_vaults_entry_preservation
D:14:     layout_loops_ring, kennysheep_treasure_room, uniq_jorgrun

Skill      XL: |  1  2  3  4  5  6  7  8  9 10 11 12 13 |
---------------+----------------------------------------+-----
Maces & Flails | 4 5 6 7 8 9 11 13 15 17 | 17.2
Fighting       | 4 5 7 11 | 11.8
Shields        | 2 3 5 7 9 11 12 13 | 13.9
Armour         | 4 7 8 |  8.1
Dodging        | |  2.1

Action                   |  1- 3 |  4- 6 |  7- 9 | 10-12 | 13-15 || total
-------------------------+-------+-------+-------+-------+-------++-------
Melee: Mace              |    70 |     4 |       |       |       ||    74
       Headbutt          |    12 |    14 |    52 |   133 |    18 ||   229
       Flail             |       |    97 |   393 |   310 |    68 ||   868
       Morningstar       |       |       |       |   305 |       ||   305
Invok: Berserk           |       |     4 |     4 |    13 |     1 ||    22
  Use: Scroll            |       |    13 |     9 |     9 |       ||    31
       Potion            |       |       |     2 |     3 |       ||     5
Armor: Leather armour    |    20 |       |       |       |       ||    20
       Ring mail         |     6 |       |       |       |       ||     6
       Chain mail        |       |    46 |       |       |       ||    46
       Plate armour      |       |     1 |   160 |   226 |    19 ||   406
Dodge: Dodged            |    50 |    45 |    75 |   137 |     7 ||   314
Block: Buckler           |       |    21 |   127 |   258 |    18 ||   424
       Reflection        |       |       |     6 |    15 |       ||    21

Table legend: (Time is in decaauts)
 A = Elapsed time spent in this place.
 B = Non-inter-level travel time spent in this place.
 C = Inter-level travel time spent in this place.
 D = Time resting spent in this place.
 E = Time spent auto-exploring this place.
 F = Levels seen in this place.
 G = Mean time per level.
                   A        B        C        D        E       F      G
               +--------+--------+--------+--------+--------+-----+--------+
         Total |  17448 |  17040 |    408 |   6780 |   6568 |  15 | 1163.2 |
       Dungeon |  16723 |  16315 |    408 |   6484 |   6397 |  14 | 1194.5 |
         Sewer |    725 |    725 |      0 |    296 |    171 |   1 |  725.0 |
               +--------+--------+--------+--------+--------+-----+--------+

Top non-repeatable levels by time:
    D:12: 3495 daAuts
     D:8: 1950 daAuts
    D:13: 1455 daAuts
    D:11: 1202 daAuts
     D:4: 1068 daAuts
     D:6: 996 daAuts
     D:3: 978 daAuts
     D:7: 968 daAuts
    D:10: 879 daAuts
    D:14: 868 daAuts
     D:1: 800 daAuts
     D:9: 788 daAuts
   Sewer: 725 daAuts
     D:5: 687 daAuts
     D:2: 583 daAuts
